Map: Orbital Shipyard

Players

EJK - Winner!

  • Race: Terran Terran
  • League: Grandmaster

HuShang

  • Race: Protoss Protoss
  • League: Grandmaster

VOD

Have the link to the VOD?

Description

Time

  • Played on: Feb. 14, 2016, 10:10 p.m.
  • Length: 12:24
Show
View Real Time Build Order
Export as new Build Order

EJK Terran - Winner!

Build Orders: Cyclone Opening, Mech 

Get SALT Encoding   

  12  0:00  SCV  
  13  0:12  SCV  
  14  0:17  Supply Depot  
  14  0:25  SCV  
  14  0:28  Refinery  
  15  0:39  SCV  
  16  0:44  Barracks  
  16  0:51  SCV  
  17  1:03  SCV  
  18  1:15  SCV  
  19  1:31  Orbital Command, Marine  
  20  1:33  Factory  
  20  2:00  SCV  
  21  2:09  Supply Depot  
  21  2:10  Command Center  
  21  2:12  SCV  
  22  2:16  Marine  
  22  2:17  Factory Tech Lab  
  23  2:30  SCV  
  23  2:34  Marine  
  25  2:38  Cyclone  
  25  2:41  Refinery  
  25  2:43  SCV  
  29  2:52  Marine  
  30  3:00  SCV  
  30  3:05  Supply Depot  
  31  3:21  SCV, Cyclone, Marine  
  31  3:22  Orbital Command  
  36  3:33  SCV  
  37  3:39  Marine  
  38  3:45  Command Center  
  38  3:49  SCV x2  
  40  3:59  Reaper  
  40  4:00  Refinery, Siege Tank  
  40  4:01  SCV x2  
  46  4:12  Starport  
  46  4:15  SCV x2  
  48  4:24  Engineering Bay, Supply Depot  
  48  4:29  SCV x2  
  50  4:32  Barracks Reactor  
  50  4:41  SCV  
  50  4:42  SCV  
  52  4:47  Supply Depot  
  52  4:48  Siege Tank  
  52  4:51  Medivac  
  57  4:54  SCV x2  
  57  4:58  Orbital Command  
  59  5:02  Refinery  
  59  5:07  SCV x2  
  59  5:08  Marine x2  
  59  5:14  Factory  
  63  5:17  Missile Turret  
  63  5:19  SCV x2  
  65  5:22  Siege Tank  
  65  5:23  Starport Tech Lab  
  69  5:28  SCV  
  69  5:31  Marine x2  
  69  5:33  SCV x2  
  73  5:40  Cloaking Field, SCV  
  73  5:41  Supply Depot  
  74  5:44  Orbital Command  
  74  5:45  Banshee, SCV  
  78  5:50  SCV  
  78  5:55  Marine x2, Siege Tank  
  84  5:57  SCV  
  85  6:07  SCV, Factory Tech Lab  
  85  6:09  SCV  
  86  6:12  Factory  
  86  6:13  Marine x2  
  86  6:14  SCV  
  89  6:19  SCV  
  89  6:21  SCV  
  91  6:25  Refinery  
  91  6:29  Refinery, Supply Depot  
  91  6:37  Banshee  
  93  6:50  SCV x3, Siege Tank  
  93  6:51  Missile Turret  
  99  7:02  Siege Tank  
  98  7:09  Hellion  
  98  7:10  SCV x2  
  98  7:11  SCV  
  98  7:12  Hellion  
  99  7:22  SCV x2  
  90  7:23  SCV  
  90  7:28  Siege Tank  
  78  7:30  Hellion  
  78  7:34  SCV x2, Hellion, Siege Tank  
  78  7:35  SCV  
  82  7:40  Banshee  
  83  7:46  SCV x2  
  83  7:47  SCV  
  86  7:58  SCV x2  
  84  7:59  SCV  
  84  8:00  Siege Tank  
  89  8:08  Factory, Supply Depot, Armory  
  89  8:10  Supply Depot, SCV x2, Factory  
  91  8:17  SCV, Refinery  
  92  8:21  Siege Tank  
  92  8:22  SCV x2  
  92  8:25  Hellion x2  
  92  8:26  Infernal Pre-Igniter  
  101  8:32  SCV, Siege Tank  
  101  8:33  Command Center  
  105  8:34  SCV  
  105  8:35  SCV  
  105  8:37  Starport  
  105  8:38  Barracks Reactor  
  107  8:47  SCV x3  
  110  8:51  Hellion  
  110  8:52  Hellion  
  110  8:53  Siege Tank  
  117  9:03  Terran Vehicle Weapons Level 1  
  117  9:07  Factory Tech Lab, Factory Reactor  
  117  9:09  Supply Depot  
  117  9:10  Supply Depot  
  117  9:11  SCV x3  
  117  9:12  Missile Turret  
  117  9:15  Missile Turret  
  120  9:21  Siege Tank  
  120  9:22  Hellion  
  125  9:30  Hellion, Siege Tank x2  
  133  9:33  Supply Depot x2  
  130  9:43  Hellion  
  132  9:48  Hellion x2  
  132  9:52  Hellion  
  138  9:53  Siege Tank  
  136  10:02  Siege Tank x2  
  119  10:14  Hellion  
  119  10:15  Hellion  
  119  10:17  Hellion x2  
  119  10:24  Banshee  
  119  10:25  Siege Tank  
  119  10:26  Viking x2  
  126  10:34  Siege Tank  
  127  10:42  Liberator, Siege Tank  
  125  10:43  Hellion x4  
  125  10:47  SCV x3  
  135  10:58  Siege Tank  
  135  11:00  Viking  
  140  11:11  Missile Turret  
  140  11:12  Missile Turret  
  140  11:16  Siege Tank x2  
  140  11:18  Hellion x4  
  151  11:24  SCV x2  
  131  11:38  Siege Tank  
  134  11:41  Hellion x4  
  134  11:42  SCV x3  
  143  11:48  Hellion, Siege Tank  
Show
View Real Time Build Order
Export as new Build Order

HuShang Protoss 

Build Orders: 1 Gate Expand 

Get SALT Encoding   

  12  0:01  Probe (Chrono Boost)  
  13  0:11  Probe (Chrono Boost)  
  14  0:18  Pylon  
  14  0:22  Probe (Chrono Boost)  
  15  0:36  Probe (Chrono Boost), Gateway  
  16  0:42  Assimilator  
  16  0:47  Probe (Chrono Boost)  
  17  0:57  Probe (Chrono Boost)  
  18  1:08  Probe (Chrono Boost)  
  19  1:21  Nexus  
  19  1:30  Cybernetics Core  
  19  1:33  Probe (Chrono Boost)  
  19  1:39  Assimilator  
  20  1:43  Probe (Chrono Boost)  
  22  1:54  Probe (Chrono Boost)  
  22  1:55  Pylon  
  22  2:05  Probe (Chrono Boost)  
  22  2:07  Warp Gate  
  23  2:13  Stalker (Chrono Boost)  
  23  2:15  Probe  
  26  2:26  Robotics Facility  
  26  2:28  Probe  
  27  2:35  Probe (Chrono Boost)  
  28  2:40  Probe (Chrono Boost)  
  28  2:42  Stalker (Chrono Boost)  
  31  2:47  Probe (Chrono Boost)  
  33  2:51  Probe (Chrono Boost)  
  33  2:58  Probe (Chrono Boost)  
  34  3:02  Probe (Chrono Boost)  
  35  3:07  Twilight Council  
  35  3:08  Probe (Chrono Boost)  
  35  3:12  Probe (Chrono Boost)  
  37  3:15  Observer (Chrono Boost)  
  37  3:16  Stalker  
  37  3:17  Probe  
  41  3:24  Probe  
  41  3:26  Pylon  
  42  3:30  Probe  
  43  3:36  Mothership Core  
  43  3:41  Gateway x2  
  45  3:42  Probe  
  46  3:49  Observer (Chrono Boost)  
  46  3:53  Probe  
  48  3:57  Probe, Pylon  
  48  4:00  Pylon  
  49  4:03  Probe, Pylon  
  49  4:09  Probe  
  51  4:10  Blink (Chrono Boost)  
  51  4:14  Probe  
  52  4:21  Probe  
  53  4:24  Probe  
  54  4:33  Probe  
  54  4:35  Probe, Assimilator  
  56  4:39  Assimilator  
  56  4:43  Stalker x3  
  62  4:45  Probe x2  
  64  4:56  Probe  
  64  4:58  Probe  
  65  5:01  Observer  
  65  5:07  Probe  
  66  5:10  Probe  
  67  5:17  Probe  
  68  5:22  Probe  
  68  5:23  Nexus, Pylon  
  68  5:27  Pylon  
  68  5:28  Probe  
  69  5:34  Probe, Gateway  
  71  5:36  Gateway  
  71  5:37  Warp Prism (Chrono Boost), Gateway  
  71  5:40  Probe  
  74  5:45  Stalker x3  
  74  5:46  Probe, Resonating Glaives  
  81  5:52  Probe  
  82  5:58  Probe, Pylon  
  83  6:04  Probe  
  83  6:10  Probe  
  85  6:12  Pylon  
  85  6:15  Stalker x3  
  91  6:26  Observer (Chrono Boost)  
  91  6:31  Gateway  
  91  6:32  Gateway  
  91  6:34  Pylon  
  91  6:42  Adept x4  
  91  6:44  Stalker x2  
  103  7:03  Adept x4  
  107  7:10  Adept x2  
  96  7:28  Observer (Chrono Boost)  
  96  7:29  Stalker x4  
  93  7:30  Nexus  
  93  7:31  Stalker x2  
  93  7:32  Pylon  
  91  7:39  Probe x2  
  87  7:48  Probe  
  86  7:51  Probe  
  86  7:59  Probe  
  86  8:00  Probe, Pylon x2  
  86  8:02  Pylon  
  86  8:03  Probe  
  89  8:09  Probe  
  89  8:10  Forge  
  89  8:11  Forge  
  89  8:12  Probe, Pylon x2  
  91  8:14  Pylon  
  91  8:15  Probe  
  92  8:20  Probe  
  93  8:44  Photon Cannon  
  93  8:45  Pylon  
  93  8:47  Pylon, Photon Cannon  
  93  8:48  Pylon, Photon Cannon  
  93  8:49  Probe x2  
  93  8:50  Probe  
  93  8:51  Probe  
  96  9:00  Probe x2  
  94  9:02  Probe  
  94  9:03  Probe  
  94  9:07  Immortal (Chrono Boost)  
  96  9:10  Probe  
  96  9:12  Probe, Protoss Ground Weapons Level 1 (Chrono Boost), Protoss Ground Armor Level 1 (Chrono Boost)  
  96  9:15  Probe x2  
  104  9:19  Photon Cannon  
  104  9:20  Gateway  
  104  9:23  Gateway  
  104  9:24  Gateway x2  
  102  9:41  Stalker x7  
  102  9:43  Stalker  
  115  10:04  Stalker x2  
  115  10:05  Stalker x5  
  113  10:13  Immortal  
  77  10:23  Stalker  
  79  10:29  Stalker x4  
  79  10:30  Stalker x2  
  91  10:40  Stalker  
  89  10:47  Immortal, Stalker  
  91  10:56  Stalker x6  
  98  11:05  Stalker x3  
  98  11:06  Stalker  
  86  11:27  Immortal  
  86  11:35  Stalker x3  
  86  11:36  Stalker x3  
  96  11:46  Assimilator x2  
  96  11:52  Zealot x4  
  104  11:54  Stalker x2  
  91  12:10  Stalker x5  
Tags
 
Add a new tag
Caveats
  • Supply blocks, unpowered buildings, or Contaminate may cause inaccurate times.
  • Supply counts are checked every 10 seconds.